Workbook
Name numero: #REF!
Name numero: #REF!
Name REVISION: [11]Portada!$H$39

Sheet EAP Chicama
A1: CHICAMA | B1: CUENCA CHICAMA
A2: 1 | B2: Estructura típica
A3: 1A-01 | B3: Dique de Retención (de concreto ciclópeo)
A4: 1A-01 -01 01 | B4: Construcción, mejoramiento y/o rehabilitación de acceso hasta dique de relleno | C4: km
A5: 1A-01 -01 02 | B5: Construcción de campamento provisional de obra
A6: 1A-01 -01 02.01 | B6: Terraplén para campamento provisional | C6: m2
A7: 1A-01 -01 02.02 | B7: Campamento | C7: m2
A8: 1A-01 -01 03 | B8: Desbroce y limpieza con equipo de suelo vegetal h=0.3m (área de influencia PIP) | C8: m2
A9: 1A-01 -01 04 | B9: Acopio de material orgánico en DMO distancia media …km | C9: m3
A10: 1A-01 -01 05 | B10: Excavación para fundación y empotramiento de dique de concreto (indicar el tipo de material y Fw)
A11: 1A-01 -01 05.01 | B11: Excavación hasta nivel de plataforma (indicar si incluye carguío o no dependiendo de la condición) | C11: m3
A12: 1A-01 -01 05.02 | B12: Excavación de base de dique | C12: m3
A13: 1A-01 -01 05.03 | B13: Excavación de uñas de empotramiento de dique h=2m | C13: m3
A14: 1A-01 -01 05.04 | B14: Excavación de uña de colchón de enrocado | C14: m3
A15: 1A-01 -01 05.05 | B15: Excavación en roca/material suelto en estribos de dique profundidad >=1m | C15: m3
A16: 1A-01 -01 05.06 | B16: Excavación para contradique | C16: m3
A17: 1A-01 -01 06 | B17: Conformación y compactación de superficie para fundación
A18: 1A-01 -01 06.01 | B18: Conformación y compactación de superficie para uñas y dique | C18: m2
A19: 1A-01 -01 06.02 | B19: Conformación y compactación de superficie para losa de disipación | C19: m2
A20: 1A-01 -01 06.03 | B20: Conformación y compactación de superficie para colchón de enrocado | C20: m2
A21: 1A-01 -01 07 | B21: Eliminación de material excedente | C21: m3
A22: 1A-01 -01 08 | B22: Colocación de concreto de solados y concreto de regularización
A23: 1A-01 -01 08.01 | B23: Colocación de concreto de regularización para uñas de empotramiento de dique | C23: m3
A24: 1A-01 -01 08.02 | B24: Solado para contradique | C24: m2
A25: 1A-01 -01 09 | B25: Encofrado y Desencofrado
A26: 1A-01 -01 09.01 | B26: Encofrado y desencofrado vertical de uñas de dique | C26: m2
A27: 1A-01 -01 09.02 | B27: Encofrado y desencofrado vertical de escalones de vertedero de dique | C27: m2
A28: 1A-01 -01 09.03 | B28: Encofrado y desencofrado de taludes de dique (1:2) | C28: m2
A29: 1A-01 -01 09.04 | B29: Encofrado y desencofrado vertical de corona de dique | C29: m2
A30: 1A-01 -01 09.05 | B30: Encofrado y desencofrado de contradique | C30: m2
A31: 1A-01 -01 09.06 | B31: Encofrado y desencofrado de muros guías del vertedero | C31: m2
A32: 1A-01 -01 10 | B32: Acero de refuerzo para concreto estructural
A33: 1A-01 -01 10.01 | B33: Habilitación de acero y/o suministro de acero habilitado puesto en obra | C33: kg
A34: 1A-01 -01 10.02 | B34: Colocación de acero estructural fy=4200kgf/cm2 para contradique | C34: kg
A35: 1A-01 -01 10.03 | B35: Colocación de acero estructural fy=4200kgf/cm2 para muros guías del vertedero | C35: kg
A36: 1A-01 -01 11 | B36: Concreto ciclópeo f´c=175kgf/cm2 + 30% PG
A37: 1A-01 -01 11.01 | B37: Colocación de C° Ciclópeo en uñas y base hasta Z1 | C37: m3
A38: 1A-01 -01 11.02 | B38: Colocación de C° Ciclópeo en cuerpo de dique hasta Z3 | C38: m3
A39: 1A-01 -01 11.03 | B39: Colocación de C° Ciclópeo de corona de dique hasta Z4 | C39: m3
A40: 1A-01 -01 11.04 | B40: Colocación de C° Ciclópeo de losa de disipación de energía | C40: m3
A41: 1A-01 -01 12 | B41: Concrero estructural f´c=210kgf/cm2
A42: 1A-01 -01 12.01 | B42: Concreto contradique | C42: m3
A43: 1A-01 -01 12.02 | B43: Concreto muros guías del vertedero e=0.50m | C43: m3
A44: 1A-01 -01 13 | B44: Juntas de construcción
A45: 1A-01 -01 13.01 | B45: WS para Juntas verticales entre tramos de L<=9m de dique | C45: m
A46: 1A-01 -01 13.02 | B46: Sello elástomérico para juntas verticales entre tramos de L<=9m de dique | C46: m
A47: 1A-01 -01 13.03 | B47: Sello elástomérico para junta entre dique y losa de disipación de energía | C47: m
A48: 1A-01 -01 13.04 | B48: WS para junta entre muros y contradique + juntas entre paños de contradique | C48: m
A49: 1A-01 -01 13.05 | B49: Sello elastomérico para junta entre muros y contradique + juntas entre paños de contradique | C49: m
A50: 1A-01 -01 13.06 | B50: WS para juntas horizontales e inclinadas entre dique y muros | C50: m
A51: 1A-01 -01 13.07 | B51: Sello elastomérico para juntas horizontales e inclinadas entre dique y muros | C51: m
A52: 1A-01 -01 13.08 | B52: WS para juntas verticales de muros | C52: m
A53: 1A-01 -01 13.09 | B53: Sello elastomérico para juntas verticales de muros | C53: m
A54: 1A-01 -01 14 | B54: Relleno estructural
A55: 1A-01 -01 14.01 | B55: Relleno estructural contra uñas de empotramiento de dique | C55: m3
A56: 1A-01 -01 14.02 | B56: Relleno estructural contradique | C56: m3
A57: 1A-01 -01 15 | B57: Tubo de PVC D=100mm @1m en contradique | C57: m
A58: 1A-01 -01 16 | B58: Enrocado de protección
A59: 1A-01 -01 16.01 | B59: Procesamiento de material en cantera de roca | C59: m3
A60: 1A-01 -01 16.011 | B60: Transporte de roca para enrocado de protección distancia media …km | C60: m3
A61: 1A-01 -01 16.02 | B61: Colocación de roca en uña de colchón de enrocado | C61: m3
A62: 1A-01 -01 16.03 | B62: Colocación de roca en colchón de enrocado | C62: m3
A65: 7 | B65: Estructura típica de Tramo de Río Chicama: Descolmatación, Encauzamiento y Protección
B66: Descolmatación | C66: m3
B67: Descolmatación y acopio para carguío con tractor D8 y excavadora sobre orugas | C67: m3
B68: Carguío y transporte de material para eliminación Dist. = … km | C68: m3
B69: Conformación de material en DME o terraza
B71: Conformación de diques (ambas márgenes)
B72: Contrucción de nuevos muros Margen derecho (CUI 3 Anexo 2 HID-21-01, según PIP 1.51km)
B73: Construcción de nuevos muros Margen izquierdo (CUI 3 Anexo 2 HID-21-01, según PIP 0km)
B74: Conformación y compactación de superficie para fundación | C74: m2
B75: Conformación de dique con material propio | C75: m3
B76: Perfilado de taludes de dique | C76: m2
B77: Excavación de uña antisocavante | C77: m3
B78: Colocación de geotextil 400g/m2 en uña antisocavante y cara de dique | C78: m2
B79: Colocación de enrocado de protección en uña antisocavante (D=1.5m) | C79: m3
B80: Colocación de filtro (material de cantera) | C80: m3
B81: Transporte de filtro desde cantera xxx (Dist. …km) | C81: m3
B82: Colocación de enrocado de protección de dique (D=1m, e de 1m a 0.50m) | C82: m3
B83: Producción en cantera para Enrocado de protección de diques con voladura | C83: m3
B84: Transporte de enrocado desde cantera yyy (Dist. …km) | C84: m3
B86: Mejoramiento de diques
B87: Muros existente a modificar Margen derecho (CUI 3 Anexo 2 HID-21-01, según PIP 6.9km)
B88: Muros existente a modificar Margen izquierdo (CUI 3 Anexo 2 HID-21-01, según PIP 7.78km)
B89: Conformación de material de recrecimiento de dique existente | C89: m3
B90: Perfilado de taludes de dique | C90: m2
B91: Colocación de geotextil 400g/m2 en cara de dique | C91: m2
B92: Colocación de filtro (material de cantera) | C92: m3
B93: Enrocado para recrecimiento de dique existente | C93: m3

Sheet EAP Virú
A2: Paquete | B2: Descripición del paquete | C2: Und.
A3: VIRÚ | B3: CUENCA VIRÚ
A4: 1A | B4: Estructura típica de Quebradas Virú: Protección y Encauzamiento (DIQUES LONGITUDINALES)
B5: Construcción de defensas ribereñas en río/quebrada y encauzamiento
B6: Diques de encauzamiento y protección del río Carabamba Prog. 0+220 a. abajo @ 2+920 a. arriba
B7: Construcción, mejoramiento y/o rehabilitación de acceso hasta diques de relleno
B8: Construcción de campamento provisional de obra
B9: Terraplén para campamento provisional
B10: Campamento
B11: Desbroce y limpieza 110m de ancho | C11: m2
B12: Acopio de material orgánico en DMO
B13: Encauzamiento de aguas superficiales
B14: Descolmatación, limpieza y conformación del cauce | C14: m3
B15: Conformación y compactación de superficie para fundación | C15: m2
B16: Conformación de dique con material propio y material de préstamo | C16: m3
B17: Adecuación de depósito de material excedente (temporal) | C17: m3
B18: Eliminación de material excedente | C18: m3
B19: Perfilado de talud de cara húmeda de dique | C19: m2
B20: Excavación de uña antisocavante | C20: m3
B21: Conformación y perfilado de uña antisocavante
B22: Excavación de zanja para anclaje de geotextil
B23: Colocación de geotextil 400g/m2 en uña antisocavante y cara de dique | C23: m2
B24: Colocación de enrocado de protección en uña antisocavante (D=1.5m) | C24: m3
B25: Extracción y procesamiento de material para filtro | C25: m3
B26: Transporte de filtro desde cantera xxx (Dist. …km) | C26: m3
B27: Colocación de filtro (material de cantera) | C27: m3
B28: Producción en cantera para Enrocado de protección de diques con voladura | C28: m3
B29: Selección de material enrocado y acopio temporal
B30: Transporte de enrocado desde cantera yyy (Dist. …km) | C30: m3
B31: Colocación de enrocado de protección de dique (D=1m, e de 1m a 0.50m) | C31: m3
B32: Perfilado de talud de cara seca de dique | C32: m2
B33: Limpieza y entrega de obra
A35: 2 | B35: Estructura típica: Diques de Retención con GAVIONES
B36: Diques de encauzamiento y protección del río Carabamba Ciudad Prog. 0+000 @ 1+080
B37: Construcción, mejoramiento y/o rehabilitación de acceso hasta diques de relleno
B38: Construcción de campamento provisional de obra
B39: Terraplén para campamento provisional
B40: Campamento
B41: Desbroce y limpieza 30m de ancho | C41: m2
B42: Acopio de material orgánico en DMO
B43: Encauzamiento de aguas superficiales
B44: Excavación para fundación de gaviones (Fundación en roca: Adaptar de acuerdo al terreno) | C44: m3
B45: Anclaje de cajas de gaviones contra roca de fundación | C45: m2
B46: Conformación y compactación de superficie para fundación | C46: m2
B47: Colocación de geotextil 300g/m2 para base de gaviones y en la cara vertical | C47: m2
B48: Colocación de cajones de gaviones de malla inox. y piedra D<0.30m hasta nivel de corona de dique | C48: m3
B49: Selección de roca 30cm para gaviones de material de cantera | C49: m2
B50: Conformación de cauce con tractor sobre orugas y remoción de material excedente | C50: m3
B51: Proceso de material granular en cantera
B52: Construcción, mejoramiento y/o rehabilitación de acceso hasta diques de relleno
B53: Transporte de material granular desde cantera
B54: Relleno de diques con rodillo 2T y equipo manual con material de préstamo | C54: m3
B55: Perfilado de diques | C55: m3
B56: Eliminación de material excedente | C56: m3
A58: 4 | B58: PY 01 - PQT 04 -QDA EL NIÑO: Diques de Retención y Encauzamiento
B59: Construcción de badén de concreto armado Prog. 0+760
B60: Desbroce y limpieza | C60: m2
B61: Excavación hasta nivel de fundación | C61: m3
B62: Conformación y compactación de superficie para fundación | C62: m2
B63: Solado de concreto f´c=10MPa | C63: m2
B64: Habilitación y colocación de acero de refuerzo fy= 4200kgf/cm2 | C64: kg
B65: Encofrado de badén | C65: m2
B66: Juntas entre paños de 5m | C66: m
B67: Colocación de concreto estructural f´c=210kgf/cm2 | C67: m3
B70: Construcción de la Bocatoma Ramos
B71: Construcción, mejoramiento y/o rehabilitación de acceso hasta diques de relleno | C71: km
B72: Construcción de campamento provisional de obra | C72: m2
B73: Terraplén para campamento provisional | C73: m2
B74: Campamento | C74: m2
B75: Conformación y compactación de superficie para fundación | C75: m2
B76: Enrocado acomodado en zonas adyacentes | C76: m3
B77: Poza disipadora
B78: Canal despedrador
B79: Barrajes
B80: Muros de contención de C°A°
B81: Estructuras metálicas
B82: Barandas
B83: Compuertas radial y plana
B84: Escaleras
B86: Diques de encauzamiento y protección del río Virú Prog. 0+000 @13+100 a. abajo (margen derecha)
B87: Conformación de dique con material propio y material de préstamo | C87: m3
B88: Perfilado de taludes de dique | C88: m2
B89: Excavación de uña antisocavante | C89: m3
B90: Conformación y compactación de superficie para fundación | C90: m2
B91: Colocación de geotextil 400g/m2 en uña antisocavante y cara de dique | C91: m2
B92: Colocación de enrocado de protección en uña antisocavante (D=1.5m) | C92: m3
B93: Colocación de filtro (material de cantera) | C93: m3
B94: Transporte de filtro desde cantera xxx (Dist. …km) | C94: m3
B95: Colocación de enrocado de protección de dique (D=1m, e de 1m a 0.60m) | C95: m3
B96: Producción en cantera para Enrocado de protección de diques con voladura | C96: m3
B97: Transporte de enrocado desde cantera yyy (Dist. …km) | C97: m3
B99: Encauzamiento del río Virú Prog. 13+100 @ 22+808.56 a. arriba (todo el ancho)
B100: =CONCATENATE("Desbroce y limpieza lado izquierdo (ancho de cauce promedio = ",ROUNDUP(#REF!,0),"m)") -> #REF! | C100: m2
B101: Retiro de top soil | C101: m3
B102: Transporte y acopio de material orgánico | C102: m3
B103: Reconformación del cauce con material propio (corte/relleno con tractor sobre orugas) | C103: m2

Sheet Resumen
C2: FORMATO C1- PROPUESTA ECONÓMICA | F2: CO-PE-1PE326-CM-HA-004
F3: Revisión 0
C4: “ENTREGA DE LAS DEFENSAS RIBEREÑAS DE LOS RÍOS CHICAMA Y VIRÚ (PAQUETE 9R-06)" | F4: Fecha: 09/03/2022
F5: Página 1 de 3
B9: Referencia: TDR-Anexo 06
C11: Proyecto: | D11: Entrega de las Defensas Ribereñas de los Ríos Chicama y Virú
C13: Licitación: | D13: Subcontratación del Servicio de Ambulancia
C15: Río: | D15: Defensa Ribereña del río Chicama
C17: Cliente: | D17: OHLA
C19: Postor: | D19: CORPORACIÓN PERUANA DE CENTROS MEDICOS SAC
C21: Lugar: | D21: CHICAMA
C24: Plazo: | D24: 365 | E24: días calendario
C27: Fecha de oferta: | D27: 45581
C30: Fecha de inicio para la ejecución:
B34: A. | C34: TOTAL COSTO DIRECTO | F34: =+'Costo Directo'!H29 -> 442092.42
B35: B. | C35: GASTOS GENERALES | F35: =+'Gastos Generales'!F57 -> 113343.96
B36: C. | C36: UTILIDAD | E36: 0.08 | F36: =+F34*E36 -> 35367.394
B37: D. | C37: TOTAL COSTO DETERMINADO (A+B+C) | F37: =SUM(F34:F36) -> 590803.78
B39: E. | C39: IGV (18% D) | E39: 0.18 | F39: =+F37*E39 -> 106344.68
B41: F. | C41: TOTAL PRESUPUESTO INICIAL INCLUYE IGV (D+E) | F41: =+F37+F39 -> 697148.46

Sheet Costo Directo
C2: FORMATO C2: PROPUESTA ECONÓMICA | F2: CO-PE-1PE326-CM-HA-004
F3: Revisión 0
C4: “ENTREGA DE LAS DEFENSAS RIBEREÑAS DE LOS RÍOS CHICAMA Y VIRÚ (PAQUETE 9R-06)" | F4: Fecha: 09/03/2022
F5: Página 2 de 3
B7: Proyecto: | C7: Entrega de las Defensas Ribereñas de los Ríos Chicama y Virú
B8: Río: | C8: Ríos Chicama y Virú
B9: Nombre de la Licitación: | C9: Subcontratación del servicio de ambulancia - río Chicama
B11: Referencia:
B14: Item | C14: Descripción | D14: Unidad de medidad | E14: Cantidad | F14: Tiempo de subcontratación | G14: P.U. (S/) | H14: Total (S/)
B15: 1 | C15: Alquiler de ambulancia rural 4x4 | G15: =+H17+H19+H21 -> 183782
B16: 1.01 | C16: Unidad vehicular
B17: 1.01.01 | C17: Alquiler de ambulancia rural 4x4 | D17: Mes | E17: 1 | F17: 12 | G17: ='[14]COSTO DE ALQUILER AMBULANCIA'!$F$7 -> 13878.5 | H17: =+E17*F17*G17 -> 166542
B18: 1.05 | C18: Equipamiento
B19: 1.06.01 | C19: Equipamiento básico de acuerdo numeral 6.4.3. del TdR | D19: Glb | E19: - | F19: 1 | G19: ='[14]COSTO DE ALQUILER AMBULANCIA'!$F$25 -> 13135 | H19: =+F19*G19 -> 13135
B20: 1.06. | C20: Medicamentos, materiales e insumos
B21: 1.06.01 | C21: Equipamiento básico de acuerdo numeral 6.4.4. del TdR | D21: Glb | E21: - | F21: 1 | G21: 4105 | H21: =+F21*G21 -> 4105
B22: 2 | C22: Personal Clave | G22: =+H24+H25+H27+H28 -> 258310.42
B23: 2.01 | C23: Operador del vehículo
B24: 2.01.01 | C24: Conductor profesional - Turno Diurno | D24: Mes | E24: 1 | F24: 12 | G24: ='[15]CALCULO PLANILLA'!$G$18 -> 4526.2405 | H24: =+E24*F24*G24 -> 54314.885
B25: 2.01.02 | C25: Conductor profesional - Turno Nocturno | D25: Mes | E25: 1 | F25: 12 | G25: ='[15]CALCULO PLANILLA'!$F$18 -> 4782.4005 | H25: =+E25*F25*G25 -> 57388.805
B26: 2.02 | C26: Personal médico
B27: 2.02.01. | C27: Enfermero capacitado en medicina de emergencia - Turno Diurno | D27: Mes | E27: 1 | F27: 12 | G27: ='[15]CALCULO PLANILLA'!$E$18 -> 5940.5139 | H27: =+E27*F27*G27 -> 71286.167
B28: 2.02.01. | C28: Enfermero capacitado en medicina de emergencia - Turno nocturno | D28: Mes | E28: 1 | F28: 12 | G28: ='[15]CALCULO PLANILLA'!$D$15 -> 6276.7139 | H28: =+E28*F28*G28 -> 75320.567
B29: TOTAL DEL SERVICIO (SIN I.G.V.) | H29: =+G15+G22 -> 442092.42

Sheet Gastos Generales
C1: FORMATO C2- PROPUESTA ECONÓMICA | E1: CO-PE-1PE326-CM-HA-004
E2: Revisión 0
C3: “ENTREGA DE LAS DEFENSAS RIBEREÑAS DE LOS RÍOS CHICAMA Y VIRÚ (PAQUETE 9R-06)" | E3: Fecha: 09/03/2022
E4: Página 3 de 3
A6: Proyecto: | C6: =Resumen!D11 -> Entrega de las Defensas Ribereñas de los Ríos Chicama y Virú
A7: Río: | C7: =Resumen!D15 -> Defensa Ribereña del río Chicama
A8: N° del Paquete:
A9: Nombre del Paquete: | C9: ='Costo Directo'!C9:C10 -> Subcontratación del servicio de ambulancia - río Chicama
A11: Referencia: | B11: Anexo 13
C12: PLANILLA DE GASTOS GENERALES - GESTIÓN
E14: COSTO DIRECTO | F14: =+'[16]Costo Directo'!H21 -> 0
A16: Item | B16: Descripción | D16: Plazo (mes) | E16: P. U. (S/) | F16: Total (S/)
A17: 1 | B17: Seguros y fianzas
A18: 1.1 | B18: Carta Fianza por Fiel Cumplimiento | C18: Carta Fianza por Fiel Cumplimiento | D18: 12 | E18: 985 | F18: =+D18*E18 -> 11820
A19: 1.2 | B19: Póliza de Responsabilidad Civil | C19: Póliza de Responsabilidad Civil | D19: 12 | E19: 181.13 | F19: =+D19*E19 -> 2173.56
A20: 1.3 | B20: SCTR Salud y Pensión | D20: 12 | E20: 380 | F20: =+D20*E20 -> 4560
A21: 1.4 | B21: SCTR Vida Ley | D21: 12 | E21: ='[14]POLIZAS, SCTR PENSIÓN Y SALUD'!$C$5 -> 118 | F21: =+D21*E21 -> 1416
A22: 1.5 | B22: Exámen médico | D22: 12 | E22: 302 | F22: =+D22*E22 -> 3624
A23: 2 | B23: Formatería y útiles de oficina
A24: 2.1 | B24: Parte diario | C24: Glb | D24: 12 | E24: 36 | F24: =+D24*E24 -> 432
A25: 2.2 | B25: Check List | C25: Glb | D25: 12 | E25: 32 | F25: =+D25*E25 -> 384
A26: 2.3 | B26: Manifiesto de pasajeros | C26: Glb | D26: 12 | E26: 42 | F26: =+D26*E26 -> 504
A27: 2.4 | B27: Bitacora | C27: Glb | D27: 12 | E27: 36 | F27: =+D27*E27 -> 432
A28: 2.5 | B28: Charla de seguridad | C28: Glb | D28: 12 | E28: 32 | F28: =+D28*E28 -> 384
A29: 2.6 | B29: IPERC | C29: Glb | D29: 12 | E29: 32 | F29: =+D29*E29 -> 384
A30: 3 | B30: Servicio de lavado
A31: 3.1 | B31: Lavado de la unidad | C31: Glb | D31: 12 | E31: 70 | F31: =+D31*E31 -> 840
A32: 4 | B32: Resguardo de unidad
A33: 4.1 | B33: Estacionamiento y seguridad | C33: Glb | D33: 12 | E33: 50 | F33: =+D33*E33 -> 600
A34: 5 | B34: Implementos de seguridad
A35: 5.1 | B35: Bloqueador | C35: Glb | D35: 12 | E35: ='[14]CUADRO DE EPP`S'!$G$12 -> 25 | F35: =+D35*E35 -> 300
A36: 5.2 | B36: Casco | C36: Glb | D36: 12 | E36: ='[14]CUADRO DE EPP`S'!$G$3 -> 11 | F36: =+D36*E36 -> 132
A37: 5.3 | B37: Guantes | C37: Glb | D37: 12 | E37: ='[14]CUADRO DE EPP`S'!$F$9 -> 12 | F37: =+D37*E37 -> 144
A38: 5.4 | B38: Lentes | C38: Glb | D38: 12 | E38: ='[14]CUADRO DE EPP`S'!$G$10 -> 24 | F38: =+D38*E38 -> 288
A39: 5.5 | B39: Mascarilla | C39: Glb | D39: 12 | E39: 84 | F39: =+D39*E39 -> 1008
A40: 6 | B40: Uniforme de personal clave
A41: 6.1 | B41: Camisa manga larga con logo de la empresa | C41: Glb | D41: 12 | E41: ='[14]CUADRO DE EPP`S'!$G$4 -> 45 | F41: =+D41*E41 -> 540
A42: 6.2 | B42: Pantalón | C42: Glb | D42: 12 | E42: 45 | F42: =+D42*E42 -> 540
A43: 6.3 | B43: Zapato de seguridad | C43: Glb | D43: 12 | E43: ='[14]CUADRO DE EPP`S'!$G$7 -> 47.5 | F43: =+D43*E43 -> 570
A44: 6.4 | B44: Chaleco con cinta reflectiva | C44: Glb | D44: 12 | E44: ='[14]CUADRO DE EPP`S'!$G$6 -> 11 | F44: =+D44*E44 -> 132
A45: 6.5 | C45: Casaca con cinta reflectiva | D45: 12 | E45: 52 | F45: =+D45*E45 -> 624
A46: 6.6 | B46: Fotocheck | C46: Glb | D46: 12 | E46: 5.5 | F46: =+D46*E46 -> 66
A47: 7 | B47: Alimentación y alojamiento del personal clave
A48: 7.1 | B48: Alimentación - almuerzo | C48: Mes | D48: 12 | E48: ='[15]ALIMENTACIÓN Y HOSPEDAJE'!$F$23 -> 5883.2 | F48: =+D48*E48 -> 70598.4
A49: 7.2 | B49: Alojamiento | C49: Mes | D49: 12 | E49: 700 | F49: =+D49*E49 -> 8400
A50: 8 | B50: Equipos tecnológicos
A51: 8.1 | B51: Telefonía móvil | C51: Mes | D51: 12 | E51: 124 | F51: =+D51*E51 -> 1488
A52: 8.2 | B52: Internet inalámbrico | C52: Mes | D52: 12 | E52: 80 | F52: =+D52*E52 -> 960
E54: SUB TOTAL S/ | F54: =SUM(F18:F52) -> 113343.96
C57: TOTAL GASTOS GENERALES S/ | F57: =+F54 -> 113343.96
